 Dungeon Crawl Stone Soup version 0.28.0-53-g5a82cb258f (webtiles) character file.

Game seed: 16044873709786356819

133561 Peloso the Fencer (level 16, -9/156 HPs)
             Began as a Minotaur Fighter on June 14, 2022.
             Was the Champion of Okawaru.
             Killed from afar by Ilsuiw (19 damage)
             ... with a shard of ice
             ... on level 2 of the Shoals.
             The game lasted 01:19:31 (30222 turns).

Peloso the Fencer (Minotaur Fighter)               Turns: 30222, Time: 01:19:31

Health: -9/156     AC: 26    Str: 33    XL:     16   Next: 60%
Magic:  9/9        EV: 10    Int:  5    God:    Okawaru [******]
Gold:   2568       SH: 16    Dex: 12    Spells: 15/15 levels left

rFire   + + +      SeeInvis +   a - +3 scimitar (flame)
rCold   + + .      Faith    .   c - +3 buckler of the Devil's Team {-Cast Regen+ Str+6 Slay+6}
rNeg    + + .      Spirit   .   i - +3 plate armour {rPois}
rPois   +          Reflect  +   l - -2 hat of the Alchemist {rElec rPois rF+ rC+ rN+ Will+ rMut rCorr}
rElec   +          Harm     .   P - scarf {rC+ rF+}
rCorr   +          Rampage  .   D - +0 pair of gloves "Pobalan" {rN+ rCorr}
rMut    +          NoCast   +   W - +4 pair of boots of Hairiness {rF+ MP-9 SInv}
Will    +++..                   Z - amulet of reflection
Stlth   ..........              Q - ring of willpower
HPRegen 1.16/turn               R - +4 ring of slaying
MPRegen 0.11/turn

@: engulfed (cannot breathe), mesmerised, hasted, quick
A: horns 2, retaliatory headbutt
a: Renounce Religion, Heroism, Finesse, Duel


You were on level 2 of the Shoals.
You worshipped Okawaru.
Okawaru was exalted by your worship.
You visited 5 branches of the dungeon, and saw 26 of its levels.
You also visited: Sewer, Bailey and Volcano.

You collected 2708 gold pieces.
You spent 140 gold pieces at shops.

Inventory:

Hand Weapons
 a - a +3 scimitar of flaming (weapon)
 b - a +2 scimitar of flaming
Missiles
 g - a throwing net (quivered)
Armour
 c - the +3 buckler of the Devil's Team (worn) {-Cast Regen+ Str+6 Slay+6}
   (Okawaru gifted it to you in a volcano)

   Str:       It affects your strength (+6).
   Slay:      It affects your accuracy & damage with ranged weapons and melee
   (+6).
   -Cast:     It prevents spellcasting.
   Regen:     It increases your rate of health regeneration.
 i - a +3 plate armour of poison resistance (worn)
 l - the -2 hat of the Alchemist (worn) {rElec rPois rF+ rC+ rN+ Will+ rMut rCorr}
   (Okawaru gifted it to you on level 6 of the Lair of Beasts)

   rF:        It protects you from fire.
   rC:        It protects you from cold.
   rElec:     It insulates you from electricity.
   rPois:     It protects you from poison.
   rN:        It protects you from negative energy.
   rCorr:     It protects you from acid and corrosion.
   rMut:      It protects you from mutation.
   Will:      It increases your willpower.
 o - a +0 crystal plate armour
 s - a +0 kite shield of reflection
 D - the +0 pair of gloves "Pobalan" (worn) {rN+ rCorr}
   (You found it in a bailey)

   rN:        It protects you from negative energy.
   rCorr:     It protects you from acid and corrosion.
 P - a scarf of resistance (worn)
 W - the +4 pair of boots of Hairiness (worn) {rF+ MP-9 SInv}
   (Okawaru gifted it to you on level 4 of the Lair of Beasts)

   rF:        It protects you from fire.
   MP:        It affects your magic capacity (-9).
   SInv:      It lets you see invisible.
Jewellery
 q - a +4 ring of protection
 Q - a ring of willpower (left hand)
 R - a +4 ring of slaying (right hand)
 Z - an amulet of reflection (around neck)
Wands
 h - a wand of flame (9)
 m - a wand of mindburst (2)
Scrolls
 k - a scroll of enchant weapon
 n - 3 scrolls of immolation
 p - 11 scrolls of teleportation
 r - 6 scrolls of noise
 u - 6 scrolls of magic mapping
 z - 2 scrolls of fog
 F - a scroll of holy word
 I - 3 scrolls of blinking
 J - 2 scrolls of silence
 U - 2 scrolls of acquirement
 V - 3 scrolls of amnesia
 X - 3 scrolls of fear
Potions
 d - 4 potions of might
 e - 9 potions of haste
 f - 14 potions of curing
 w - 3 potions of cancellation
 A - a potion of experience
 C - 8 potions of invisibility
 H - a potion of berserk rage
 K - a potion of resistance {unknown}
 M - a potion of brilliance {unknown}
 S - a potion of flight {unknown}


   Skills:
 + Level 17.6 Fighting
 + Level 19.0 Long Blades
 + Level 17.4 Armour
 + Level 5.2 Dodging
 + Level 3.1 Stealth
 + Level 17.5 Shields
 + Level 4.0 Invocations
 + Level 0.6 Evocations


You had 15 spell levels left.
You didn't know any spells.
Your spell library contained the following spells:

 Spells                   Type           Power      Damage    Failure   Level
 Apportation              Tloc           0%         N/A       94%         1
 Beastly Appendage        Tmut           0%         N/A       94%         1
 Blink                    Tloc           0%         N/A       98%         2
 Scorch                   Fire           0%         2d5       98%         2
 Static Discharge         Conj/Air       0%         N/A       98%         2
 Wereblood                Tmut           0%         N/A       98%         2
 Lesser Beckoning         Tloc           0%         N/A       100%        3
 Ozocubu's Armour         Ice            0%         N/A       100%        3
 Portal Projectile        Hex/Tloc       0%         N/A       100%        3
 Spider Form              Tmut/Pois      0%         N/A       100%        3
 Teleport Other           Tloc           0%         N/A       100%        3
 Dispel Undead            Necr           0%         3d6       100%        4
 Flame Wave               Conj/Fire      0%         2d4       100%        4
 Leda's Liquefaction      Hex/Erth       0%         N/A       100%        4
 Sticky Flame             Conj/Fire      0%         2d3       100%        4
 Iskenderun's Battlesphe  Conj           0%         2d6       100%        5
 Lee's Rapid Deconstruct  Erth           0%         3d5*      100%        5
 Manifold Assault         Tloc           0%         N/A       100%        5
 Iron Shot                Conj/Erth      0%         9d1       100%        6
 Statue Form              Tmut/Erth      0%         N/A       100%        6
 Orb of Destruction       Conj           0%         9d5       100%        7
 Ozocubu's Refrigeration  Ice            0%         4d5       100%        7
 Storm Form               Tmut/Air       0%         N/A       100%        7
 Maxwell's Capacitive Co  Air            0%         ∞         100%        8
 Call Canine Familiar     Summ           Unusable   N/A       N/A         3
 Summon Guardian Golem    Hex/Summ       Unusable   N/A       N/A         3
 Summon Lightning Spire   Summ/Air       Unusable   N/A       N/A         4
 Summon Forest            Summ/Tloc      Unusable   N/A       N/A         5
 Summon Cactus Giant      Summ           Unusable   N/A       N/A         6
 Spellforged Servitor     Conj/Summ      Unusable   N/A       N/A         7

Dungeon Overview and Level Annotations

Branches:
Dungeon (15/15)            Temple (1/1) D:7            Lair (6/6) D:9
 Shoals (2/4) Lair:4       Spider (0/4) Lair:3        Slime (0/5) Lair:5
    Orc (2/2) D:10            Elf (0/3) Orc:2        Vaults (0/5) D:14
 Depths (0/4) D:15          Sewer (visited)          Bailey (visited)
Volcano (visited)

Altars:
Ashenzari
Cheibriados
Dithmenos
Elyvilon
Fedhas
Gozag
Hepliaklqana
Kikubaaqudgha
Makhleb
Nemelex Xobeh
Okawaru
Ru
Sif Muna
Trog
Uskayaw
Vehumet
Xom
Yredelemnul
Zin

Shops:
Orc:2 (!((

Annotations:
D:15 Casa
Shoals:2 Ilsuiw


Innate Abilities, Weirdness & Mutations

You have a pair of horns on your head.
You reflexively headbutt those who attack you in melee.


Message History

Your lungs strain for air!
The merfolk siren chants its luring song.
You block Ilsuiw's attack. The water elemental hits you.
* * * LOW HITPOINT WARNING * * *
You completely miss Ilsuiw. You headbutt Ilsuiw!!
Ilsuiw is lightly wounded.
* * * LOW HITPOINT WARNING * * *
Your lungs strain for air!
You block the water elemental's attack.
The merfolk siren hits you but does no damage.
Ilsuiw hits you but does no damage.
Your unstable footing causes you to fumble your attack.
* * * LOW HITPOINT WARNING * * *
Your lungs strain for air!
The water elemental hits you.
* * * LOW HITPOINT WARNING * * *
You slash Ilsuiw! You burn Ilsuiw. You headbutt Ilsuiw!
Ilsuiw is moderately wounded.
* * * LOW HITPOINT WARNING * * *
Your lungs strain for air!
The water elemental hits you.
The merfolk siren chants its luring song.
Your unstable footing causes you to fumble your attack.
* * * LOW HITPOINT WARNING * * *
Your lungs strain for air!
You block Ilsuiw's attack. The water elemental hits you.
You barely miss Ilsuiw. Your headbutt misses Ilsuiw.
Ilsuiw is moderately wounded.
* * * LOW HITPOINT WARNING * * *
Your lungs strain for air!
You block the water elemental's attack.
Unknown command.
You miss Ilsuiw.
Ilsuiw is moderately wounded.
* * * LOW HITPOINT WARNING * * *
Your lungs strain for air!
The merfolk siren chants its luring song.
Ilsuiw gestures at you while chanting. The shard of ice hits you!!
You partially resist.
You die...

≈.≈≈≈≈≈≈≈≈≈≈≈≈.≈≈≈≈≈≈≈≈
≈≈.≈≈≈≈≈≈≈≈≈≈≈≈..≈≈≈≈≈≈≈
....≈≈≈≈≈≈≈≈≈≈≈..≈≈≈≈≈≈≈
...[≈≈≈.≈≈≈≈≈≈≈≈≈≈≈≈≈≈≈≈
).≈.≈≈≈...≈≈≈≈≈≈≈≈≈≈≈≈≈≈
≈≈≈≈≈≈≈≈.≈≈.≈≈≈≈≈≈≈≈≈≈≈≈
≈≈≈≈≈≈?≈))≈≈≈≈≈≈≈≈≈≈≈≈≈.
.≈≈≈≈)≈mE.≈≈≈≈≈≈≈≈≈≈≈≈.#
≈≈≈≈≈≈≈@E)≈≈≈≈≈≈≈≈≈≈≈≈..
≈≈≈≈≈≈≈m≈≈≈≈≈≈≈≈≈≈≈≈≈≈..
.≈≈P≈≈≈≈≈≈≈≈≈≈≈≈≈≈≈<....
≈≈P≈≈≈≈≈≈≈≈≈#≈≈≈≈≈≈≈≈...
≈≈≈≈≈PPPP≈≈≈≈≈≈≈≈≈≈≈≈..P
≈≈≈P≈≈PPP≈≈≈≈≈≈≈≈≈≈≈....
P≈≈≈≈≈≈≈≈P≈≈≈≈≈≈≈≈...≈≈.
≈≈≈≈≈≈≈P≈≈≈≈≈≈≈≈≈≈≈.≈≈≈≈
≈≈≈≈≈≈≈≈≈≈..≈≈≈≈


You could see Ilsuiw (invisible), 2 water elementals and a merfolk siren
(mesmerising).

Vanquished Creatures
  Donald (Shoals:2)
  2 orc warlords
  The ghost of Quniocho the Cleaver, a journeyman FoFi of Okawaru (D:14)
  A red draconian (Volcano)
  Josephine (D:10)
  4 merfolk impalers
  Fannar (D:10)
  Harold (D:8)
  7 hydras
  5 ogre magi
  2 boulder beetles
  Erica (D:10)
  6 centaur warriors
  A merfolk avatar (Lair:6)
  2 catoblepae (Lair:4)
  A death knight (D:13)
  24 two-headed ogres
  A tengu warrior (D:14)
  17 death yaks
  An orc high priest (D:10)
  A salamander mystic (Volcano)
  4 skeletal warriors (D:13)
  5 sea snakes
  A glowing orange brain (D:15)
  A harpy (Lair:6)
  A lindwurm (Lair:6)
  A deep elf pyromancer (D:13)
  A harpy (shapeshifter) (D:15)
  Pikel (D:9)
  2 orc knights
  3 manticores
  A necromancer (D:14)
  6 salamanders (Volcano)
  4 cyclopes
  2 orc sorcerers
  2 oklob plants
  11 ugly things (D:15)
  5 fauns
  An elephant (shapeshifter) (D:15)
  3 centaur zombies
  6 merfolk sirens
  6 black mambas
  Joseph (D:9)
  13 cane toads
  A guardian serpent (shapeshifter) (D:14)
  10 elephants
  Psyche (D:9)
  2 torpor snails
  A freezing wraith (D:15)
  2 kobold demonologists (D:13)
  A rime drake (Lair:1)
  11 komodo dragons
  2 efreet (D:15)
  A tengu conjurer (D:13)
  9 merfolk
  10 trolls
  4 wind drakes
  4 polar bears
  Grinder (D:4)
  A raiju (shapeshifter) (D:15)
  20 slime creatures
  13 dream sheep
  5 blink frogs
  The ghost of Morge the Cudgeller, an amateur GrFi of the Shining One (D:5)
  A shadow (D:10)
  2 snapping turtles
  3 wyverns
  A hog (shapeshifter) (D:13)
  A water elemental (Shoals:1)
  5 wraiths
  Grum (D:8)
  10 basilisks
  65 yaks
  2 steam dragons
  16 vampire mosquitoes
  Edmund (D:5)
  6 wargs
  14 water moccasins
  An ice beast (D:7)
  2 black bears
  39 orc warriors
  32 ogres
  3 necrophages
  16 wolves
  34 centaurs
  5 kobold brigands
  Blork the orc (D:5)
  10 bullfrogs
  A gnoll sergeant (D:9)
  6 scorpions
  A water moccasin zombie (D:5)
  A wyvern skeleton (D:6)
  A water moccasin skeleton (D:4)
  17 killer bees
  A howler monkey (D:8)
  7 electric eels (D:8)
  A hound (D:5)
  19 orc priests
  A jelly (D:8)
  2 gnoll shamans
  Crazy Yiuf (D:2)
  A centaur skeleton (D:5)
  A bullfrog skeleton (D:4)
  Terence (D:3)
  3 iguanas (D:5)
  13 orc wizards
  A killer bee zombie (D:8)
  2 howler monkey zombies (D:9)
  Robin (D:2)
  29 gnolls
  4 adders
  2 shadow imps
  An adder skeleton (D:4)
  5 worms
  2 dart slugs
  84 orcs
  8 endoplasms
  4 giant cockroaches
  24 goblins
  17 hobgoblins
  23 kobolds
  3 quokkas
  16 ball pythons
  3 bats
  2 frilled lizards
  8 rats
  3 bushes
853 creatures vanquished.

Vanquished Creatures (others)
  An orc (D:9)
  32 fungi
  135 plants
168 creatures vanquished.

Grand Total: 1021 creatures vanquished

Notes
Turn   | Place    | Note
-------+----------+-------------------------------------------
     0 | D:1      | Peloso the Minotaur Fighter began the quest for the Orb.
     0 | D:1      | Reached XP level 1. HP: 19/19 MP: 0/0
    75 | D:1      | Found a faded altar of an unknown god.
   424 | D:1      | Reached XP level 2. HP: 27/27 MP: 1/1
   456 | D:1      | You fall into a shaft and drop 1 floor!
   545 | D:2      | Noticed Robin
   551 | D:2      | Killed Robin
   552 | D:2      | Reached XP level 3. HP: 33/33 MP: 2/2
   834 | D:2      | Found a runed translucent door.
   835 | D:2      | Noticed Crazy Yiuf
  1395 | D:3      | Reached skill level 3 in Long Blades
  1465 | D:3      | Reached XP level 4. HP: 36/40 MP: 3/3
  1643 | D:3      | Noticed a centaur
  1814 | D:3      | Killed a centaur
  1815 | D:3      | Reached skill level 4 in Long Blades
  1815 | D:3      | Reached skill level 5 in Armour
  1815 | D:3      | Reached XP level 5. HP: 45/47 MP: 4/4
  1834 | D:3      | Noticed Terence
  1841 | D:3      | Killed Terence
  2100 | D:3      | Reached skill level 1 in Stealth
  2103 | D:3      | Reached XP level 6. HP: 40/55 MP: 5/5
  2696 | D:4      | Reached skill level 5 in Long Blades
  2788 | D:4      | Noticed Grinder
  2799 | D:4      | Paralysed by Grinder for 4 turns
  2805 | D:4      | Killed Grinder
  2806 | D:4      | Reached skill level 5 in Fighting
  2806 | D:4      | Reached skill level 6 in Long Blades
  2806 | D:4      | Reached XP level 7. HP: 52/61 MP: 6/6
  2910 | D:4      | Reached skill level 5 in Shields
  3126 | D:5      | Entered Level 5 of the Dungeon
  3256 | D:5      | Found a transporter.
  3580 | D:5      | Noticed Blork the orc
  3596 | D:5      | Killed Blork the orc
  3597 | D:5      | Reached skill level 1 in Dodging
  3607 | D:5      | Reached skill level 7 in Long Blades
  3829 | D:5      | Noticed Edmund
  3829 | D:5      | Noticed a steam dragon
  3873 | D:5      | Reached XP level 8. HP: 53/68 MP: 7/7
  4169 | D:5      | Noticed Morge's ghost (amateur GrFi)
  4183 | D:5      | Found a transporter.
  4244 | D:5      | Reached skill level 8 in Long Blades
  4250 | D:5      | Killed Edmund
  4565 | D:6      | Reached skill level 9 in Long Blades
  4726 | D:6      | Found a glowing drain.
  4737 | Sewer    | Entered a sewer
  5415 | D:7      | Reached XP level 9. HP: 74/75 MP: 8/8
  5461 | D:7      | Found a white marble altar of Elyvilon.
  5610 | D:7      | Found a staircase to the Ecumenical Temple.
  5618 | Temple   | Entered the Ecumenical Temple
  5652 | Temple   | Became a worshipper of Warmaster Okawaru
  6102 | D:7      | Reached skill level 10 in Long Blades
  6564 | D:8      | Noticed Grum
  6605 | D:8      | Killed Grum
  6605 | D:8      | Reached * piety under Okawaru
  6834 | D:8      | Found a flagged portal.
  6851 | Bailey   | Entered a bailey
  7293 | Bailey   | Reached skill level 11 in Long Blades
  7773 | Bailey   | Reached XP level 10. HP: 68/86 MP: 6/9
  8110 | Bailey   | Noticed an orc warlord
  8131 | Bailey   | Killed an orc warlord
  8131 | Bailey   | Reached ** piety under Okawaru
  8132 | Bailey   | Reached skill level 12 in Long Blades
  8397 | Bailey   | Identified the +0 pair of gloves "Pobalan" {rN+ rCorr}
  8598 | D:8      | Noticed a centaur warrior
  8610 | D:8      | Noticed a centaur warrior
  8613 | D:8      | Killed a centaur warrior
  8613 | D:8      | Reached *** piety under Okawaru
  8614 | D:8      | Reached skill level 1 in Invocations
  8651 | D:8      | Killed a centaur warrior
  8651 | D:8      | Reached **** piety under Okawaru
  8655 | D:8      | Reached skill level 13 in Long Blades
  8957 | D:8      | Noticed Harold
  8969 | D:8      | Killed Harold
  8970 | D:8      | Reached XP level 11. HP: 76/97 MP: 9/11
  9155 | D:8      | Reached skill level 10 in Armour
 10540 | D:9      | Noticed Pikel
 10547 | D:9      | Killed Pikel
 10617 | D:9      | Found a staircase to the Lair.
 10724 | D:9      | Noticed Psyche
 10738 | D:9      | Killed Psyche
 10752 | D:9      | Reached ***** piety under Okawaru
 11106 | D:9      | Noticed Joseph
 11214 | D:9      | Killed Joseph
 11274 | D:9      | Reached skill level 10 in Fighting
 11278 | D:9      | Reached skill level 14 in Long Blades
 11911 | D:10     | Entered Level 10 of the Dungeon
 11911 | D:10     | Found a staircase to the Orcish Mines.
 11928 | D:9      | Received a gift from Okawaru
 12440 | D:10     | Noticed Erica
 12718 | D:10     | Noticed a two-headed ogre
 12740 | D:10     | Killed a two-headed ogre
 12741 | D:10     | Reached XP level 12. HP: 102/110 MP: 9/12
 12926 | D:10     | Noticed Josephine
 12944 | D:10     | Killed Josephine
 13451 | D:10     | Killed Erica
 13664 | D:11     | Noticed a two-headed ogre
 13671 | D:11     | Killed a two-headed ogre
 13685 | D:11     | Reached skill level 15 in Long Blades
 13933 | D:11     | Reached skill level 10 in Shields
 14104 | D:11     | Found a shimmering altar of Xom.
 14104 | D:11     | Found a shimmering altar of Xom.
 14104 | D:11     | Found a shimmering altar of Xom.
 14104 | D:11     | Found a shimmering altar of Xom.
 14104 | D:11     | Found a shimmering altar of Xom.
 14105 | D:11     | Found a shimmering altar of Xom.
 14110 | D:11     | Identified the +6 mace of the Lame Duck {elec, rElec}
 14114 | D:11     | Got the Papyrus of Twisted Venom
 14131 | D:11     | Found a shimmering altar of Xom.
 14312 | Lair:1   | Entered Level 1 of the Lair of Beasts
 14354 | Lair:1   | You fall into a shaft and drop 1 floor!
 14354 | Lair:2   | Found a snail-covered altar of Cheibriados.
 14435 | Lair:2   | Noticed a four-headed hydra
 14440 | Lair:2   | Killed a one-headed hydra
 14862 | Lair:2   | Received a gift from Okawaru
 15223 | Lair:1   | Identified the +0 ring mail of Atodeteg {Str+3} (Okawaru
                  | gifted it to you on level 1 of the Lair of Beasts)
 15223 | Lair:1   | Received a gift from Okawaru
 15243 | Lair:1   | Reached ****** piety under Okawaru
 15866 | Lair:1   | Reached skill level 16 in Long Blades
 15866 | Lair:1   | Reached XP level 13. HP: 109/119 MP: 14/14
 17155 | Lair:3   | Found a hole to the Spider Nest.
 17384 | Orc:1    | Entered Level 1 of the Orcish Mines
 17384 | Orc:1    | Noticed Fannar
 17711 | D:10     | Killed Fannar
 18057 | Orc:2    | Entered Level 2 of the Orcish Mines
 18057 | Orc:2    | Noticed an orc warlord
 18074 | Orc:2    | Found a burning altar of Makhleb.
 18095 | Orc:2    | Found a dark tunnel.
 18114 | Volcano  | Entered a volcano
 18480 | Volcano  | Found a radiant altar of Vehumet.
 18545 | Volcano  | Noticed a red draconian
 18793 | Volcano  | Killed a red draconian
 18830 | Volcano  | Identified the +3 buckler of the Devil's Team {-Cast Regen+
                  | Str+6 Slay+6} (Okawaru gifted it to you in a volcano)
 18830 | Volcano  | Received a gift from Okawaru
 19039 | Orc:2    | Killed an orc warlord
 19491 | Orc:2    | Paralysed by an ogre mage for 2 turns
 19577 | Orc:1    | Reached XP level 14. HP: 82/133 MP: 13/15
 19635 | Orc:2    | Paralysed by something for 7 turns
 19775 | Orc:2    | Found a staircase to the Elven Halls.
 19985 | Orc:2    | Found Wariujeowe's Weapon Emporium.
 19985 | Orc:2    | Found Vagh's Distillery.
 19986 | Orc:2    | Found Waeda's Antique Weapon Boutique.
 19986 | Orc:2    | Found Runuge Ajaha's Weapon Shoppe.
 20007 | Orc:2    | Identified the +9 chain mail of the Moon {rElec rN++ rCorr
                  | Str-2} (Okawaru gifted it to you on level 2 of the Orcish
                  | Mines)
 20007 | Orc:2    | Received a gift from Okawaru
 20008 | Orc:2    | Reached skill level 17 in Long Blades
 20085 | Orc:2    | Bought a potion of heal wounds for 70 gold pieces
 20085 | Orc:2    | Bought a potion of heal wounds for 70 gold pieces
 20684 | D:11     | Reached skill level 15 in Fighting
 21519 | D:13     | Reached skill level 15 in Armour
 22357 | Lair:4   | Identified a scroll of acquirement
 22672 | Lair:4   | Identified the +4 pair of boots of Hairiness {rF+ MP-9
                  | SInv} (Okawaru gifted it to you on level 4 of the Lair of
                  | Beasts)
 22672 | Lair:4   | Received a gift from Okawaru
 22792 | Lair:4   | Found a staircase to the Shoals.
 23392 | Lair:5   | Found a staircase to the Slime Pits.
 23717 | Lair:5   | Reached XP level 15. HP: 130/143 MP: 7/16
 24836 | D:14     | Found a runed translucent door.
 25173 | D:14     | Found a gate to the Vaults.
 25326 | D:14     | Noticed Quniocho's ghost (journeyman FoFi)
 25376 | D:14     | Identified the +0 robe of Jaock {-Tele +Inv Str+6 Int+3}
 25421 | D:14     | Reached skill level 18 in Long Blades
 25433 | D:14     | Identified the +0 ring mail of Sloth {rPois rN+ Slay+4}
                  | (Okawaru gifted it to you on level 14 of the Dungeon)
 25433 | D:14     | Received a gift from Okawaru
 25495 | D:14     | Killed Quniocho's ghost
 25820 | Lair:6   | Entered Level 6 of the Lair of Beasts
 25881 | Lair:5   | Reached skill level 5 in Dodging
 25905 | Lair:5   | Reached skill level 15 in Shields
 26484 | Lair:6   | Received a gift from Okawaru
 26484 | Lair:6   | Found the -2 hat of the Alchemist {rElec rPois rF+ rC+ rN+
                  | Will+ rMut rCorr}
 26684 | Lair:6   | Reached XP level 16. HP: 109/155 MP: 9/18
 27520 | D:15     | Entered Level 15 of the Dungeon
 27520 | D:15     | Found a shadowy altar of Dithmenos.
 28004 | D:15     | Found a staircase to the Depths.
 28897 | D:2      | Killed Crazy Yiuf
 28997 | D:5      | Killed Morge's ghost
 29207 | Shoals:1 | Entered Level 1 of the Shoals
 29842 | Shoals:2 | Received a gift from Okawaru
 29971 | Shoals:2 | Reached skill level 19 in Long Blades
 30093 | Shoals:2 | Noticed Donald
 30104 | Shoals:2 | Killed Donald
 30183 | Shoals:2 | Noticed Ilsuiw
 30222 | Shoals:2 | Killed from afar by Ilsuiw

Illustrated notes

Levels and vault maps discovered:
D:1:      dpeg_arrival_rhombus, layout_basic,
          shapermc_ecumenical_altar_mp_ritualfount
D:2:      layout_rooms, uniq_robin, uniq_crazy_yiuf_cottage
D:3:      layout_basic, minmay_cut_off, uniq_terence
D:4:      layout_basic, uniq_grinder
D:5:      layout_rooms, gammafunk_ghost_hive, uniq_edmund, uniq_blork_the_orc
D:6:      layout_rooms, portal_sewer_entry_d, nrook_campfire,
          amcnicky_mini_pool_small
D:7:      layout_basic, nicolae_elyvilon_peaceful_grove,
          minmay_temple_entry_wispy, item_on_display_a
D:8:      layout_cave_pools, serial_bayou, serial_bayou_lagoon_a,
          serial_bayou_shore_b, serial_bayou_pond_c, serial_bayou_shore_a,
          serial_bayou_pond_a, serial_bayou_pond_b,
          lightli_bailey_entry_fortress, minmay_misc_feat_diagonals,
          amethyst_killhole, kb_lookout_dungeons_type, grunt_potential,
          uniq_grum, uniq_harold
D:9:      layout_stronghold, grunt_lair_entry_orc_guard_hut, uniq_joseph,
          uniq_pikel, uniq_psyche
D:10:     layout_rooms, minmay_orc_entry_guard_dogs, lemuel_flame_loot_1,
          uniq_josephine, uniq_erica
D:11:     layout_roguey, xom_shifter_show
D:12:     layout_roguey
D:13:     layout_grid_maze
D:14:     layout_roguey, david_vaults_1, ebering_ghost_reflecting_pool,
          chequers_jeans
D:15:     gammafunk_enter_depths_forms, layout_cave_pools,
          grunt_dithmenos_smoke_and_mirrors
Temple:   grunt_wide_crystal_templ
Lair:1:   layout_layer_cave, minmay_lair_oklob_bushes, st_stairs_8
Lair:2:   layout_misc_corridors, basic_altar, grunt_megastairs_1
Lair:3:   layout_hall_layers, nicolae_spider_entry_non_spiders
Lair:4:   layout_regular_city, minmay_shoals_entry_lonely_mermaid,
          kennysheep_catoblepas_arena
Lair:5:   layout_regular_city, dpeg_slime_entry_corner, grunt_megastairs_4
Lair:6:   gammafunk_lair_ancient_temple, layout_misc_corridors,
          minmay_hedge_maze, grunt_megastairs_5
Shoals:1: layout_shoals, nicolae_shoals_shepherds
Shoals:2: nicolae_shoals_island_circles, layout_shoals, uniq_ilsuiw,
          uniq_polyphemus, uniq_donald, uniq_roxanne
Orc:1:    layout_caves, uniq_fannar
Orc:2:    st_orc_ogre_mass, layout_caves, nicolae_volcano_entry_s_turn,
          bloody_makhleb

Skill      XL: |  1  2  3  4  5  6  7  8  9 10 11 12 13 14 15 16 |
---------------+-------------------------------------------------+-----
Armour         | 4 5 6 7 9 11 12 14 15 16 17 | 17.4
Fighting       | 4 5 6 7 9 11 12 14 15 17 | 17.6
Shields        | 4 5 6 7 8 9 10 12 14 16 17 | 17.5
Long Blades    | 3 4 6 7 9 11 13 14 16 17 18 19 | 19.0
Stealth        | 1 2 3 |  3.1
Dodging        | 1 2 3 4 5 |  5.2
Invocations    | 1 2 3 4 |  4.0
Evocations     | |  0.6

Action                   |  1- 3 |  4- 6 |  7- 9 | 10-12 | 13-15 | 16-18 || total
-------------------------+-------+-------+-------+-------+-------+-------++-------
Melee: Long sword        |    89 |   110 |   411 |   585 |       |       ||  1195
       Headbutt          |    11 |    18 |    72 |   183 |   228 |    71 ||   583
       Scimitar          |       |       |       |   160 |   937 |   273 ||  1370
Invok: Heroism           |       |       |     4 |    20 |    24 |     1 ||    49
Evoke: Wand              |       |     1 |       |    11 |       |       ||    12
  Use: Scroll            |     4 |       |     7 |     3 |    12 |     2 ||    28
       Potion            |     1 |       |     1 |     1 |     4 |     9 ||    16
 Stab: Paralysed         |       |     6 |       |       |       |       ||     6
Armor: Scale mail        |    38 |       |       |       |       |       ||    38
       Plate armour      |     4 |    22 |       |   383 |   502 |   156 ||  1067
       Chain mail        |       |    38 |   276 |    13 |       |       ||   327
Dodge: Dodged            |    40 |    37 |   170 |   173 |   352 |   107 ||   879
Block: Buckler           |    15 |    18 |   117 |   169 |   575 |   290 ||  1184
       Reflection        |       |       |       |       |     1 |    46 ||    47
